 Dungeon Crawl Stone Soup version 0.27-a0-965-gbf8bb431c4 (webtiles) character file.

Game seed: 3431181617015109085

41156 vurker the Eclecticist (level 14, 0/110 HPs)
             Began as a Djinni Ice Elementalist on Apr 11, 2021.
             Was a Follower of Jiyva.
             Slain by an eight-headed hydra (14 damage)
             ... on level 6 of the Lair of Beasts on Apr 12, 2021.
             The game lasted 00:33:12 (24350 turns).

vurker the Eclecticist (Djinni Ice Elementalist)   Turns: 24350, Time: 00:33:12

Health: 0/110      AC:  8    Str:  7    XL:     14   Next: 14%
Gold:   2001       EV: 12    Int: 31    God:    Jiyva [*.....] SH:  5 Dex: 14

rFire    + + +     SeeInvis .   o - +1 short sword
rCold    . . .     Faith    .   s - +0 buckler
rNeg     . . .     Spirit   .   h - +2 robe {rC+ rF+}
rPois    ∞         Reflect  .   c - +2 helmet {Int+3}
rElec    .         Harm     .   w - +0 cloak {rPois}
rCorr    .         Rampage  .   (no gloves)
Will     +....                  (boots unavailable)
Stlth    ++........             O - amulet of regeneration
HPRegen  1.28/turn              f - ring of wizardry
MPRegen  0.00/turn              A - +6 ring of intelligence

@: radiating poison, flying
A: fire resistance 2, cold vulnerability 1, float, innate caster, hp casting,
extra vitality 1
a: Renounce Religion, Request Jelly


You were on level 6 of the Lair of Beasts.
You worshipped Jiyva.
Jiyva was aware of your devotion.
You visited 2 branches of the dungeon, and saw 17 of its levels.
You also visited: Ossuary.

You collected 2050 gold pieces.
You spent 49 gold pieces at shops.

Inventory:

Hand Weapons
 o - a +1 short sword (weapon)
   (You took it off a kobold on level 2 of the Dungeon)
Armour
 c - a +2 helmet of intelligence (worn)
   (You acquired it on level 5 of the Dungeon)
 h - a +2 robe of resistance (worn)
   (You took it off Jessica on level 3 of the Dungeon)
 s - a +0 buckler (worn)
   (You found it on level 7 of the Dungeon)
 w - a +0 cloak of poison resistance (worn)
   (You took it off Maurice on level 8 of the Dungeon)
Jewellery
 f - a ring of wizardry (left hand)
   (You found it on level 5 of the Dungeon)
 l - a ring of ice
   (You found it on level 4 of the Dungeon)
 A - a +6 ring of intelligence (right hand)
   (You found it on level 7 of the Dungeon)
 I - a ring of positive energy
   (You found it on level 10 of the Dungeon)
 L - a ring of fire
   (You found it on level 2 of the Lair of Beasts)
 O - an amulet of regeneration (around neck)
   (You acquired it on level 5 of the Lair of Beasts)
Wands
 d - a wand of iceblast (31)
   (You took it off Ijyb on level 4 of the Dungeon)
 n - a wand of polymorph (11)
   (You found it on level 5 of the Lair of Beasts)
 t - a wand of flame (60)
   (You took it off Jessica on level 3 of the Dungeon)
 u - a wand of paralysis (24)
   (You found it on level 9 of the Dungeon)
 v - a wand of digging (7)
   (You found it on level 5 of the Lair of Beasts)
 x - a wand of acid (6)
   (You found it on level 2 of the Dungeon)
 y - a wand of mindburst (10)
   (You took it off Maurice on level 8 of the Dungeon)
Scrolls
 a - 7 scrolls of enchant armour
 b - 6 scrolls of magic mapping
 g - 4 scrolls of blinking
 k - 3 scrolls of identify
 z - 2 scrolls of fog
 C - 7 scrolls of teleportation
 G - a scroll of immolation
 N - a scroll of enchant weapon
Potions
 e - 11 potions of curing
 i - 7 potions of ambrosia
 j - 2 potions of cancellation
 m - a potion of brilliance
 p - 4 potions of heal wounds
 q - a potion of haste
 r - 3 potions of lignification
 B - 3 potions of berserk rage {unknown}
 E - 2 potions of mutation
 H - a potion of might {unknown}
Miscellaneous
 D - a phantom mirror
   (You found it on level 9 of the Dungeon)


   Skills:
 + Level 13.4 Fighting
 - Level 2.1 Dodging
 - Level 1.5 Stealth
 - Level 4.0 Shields
 * Level 15.9 Spellcasting


You had 9 spell levels left.
You knew the following spells:

 Your Spells              Type           Power      Damage    Failure   Level
a - Freeze                Ice            100%       1d11      0%          1
b - Frozen Ramparts       Ice            100%       1d12      0%          3
c - Hailstorm             Conj/Ice       89%        3d18      1%          4
d - Ozocubu's Armour      Ice            89%        N/A       0%          3
e - Metabolic Englaciati  Hex/Ice        44%        N/A       1%          5
f - Apportation           Tloc           100%       N/A       0%          1
g - Swiftness             Air            89%        N/A       0%          2
h - Spider Form           Tmut/Pois      44%        N/A       0%          3
i - Petrify               Tmut/Erth      89%        N/A       1%          4
j - Lightning Bolt        Conj/Air       44%        1d64      1%          5
q - Olgreb's Toxic Radia  Pois           89%        N/A       1%          4
Your spell library was empty.

Dungeon Overview and Level Annotations

Branches:
Dungeon (11/15)            Temple (0/1) D:5            Lair (6/6) D:9
  Swamp (0/4) Lair:4       Spider (0/4) Lair:3        Slime (0/5) Lair:5
Ossuary (visited)
    Orc: D:9-12

Altars:
Dithmenos
Fedhas
Gozag
Hepliaklqana
Kikubaaqudgha
Nemelex Xobeh
Okawaru
Qazlal
Wu Jian
Xom
Yredelemnul
Zin
The Shining One
Jiyva

Shops:
D:11 *

Portals:
Trove: D:11 (give +3 shadow dragon scales)

Annotations:
D:8 4 runed translucent doors


Innate Abilities, Weirdness & Mutations

You are immune to poison.
Your flesh is very heat resistant. (rF++)
You are vulnerable to cold. (rC-)
You float through the air rather than walking.
You learn spells naturally, not from books.
Your magical power is your life essence.
You have superior vitality. (+4 HP)


Message History

Your toxic radiance grows in intensity.
The yak looks even sicker.
The wolf spider hisses angrily.
The wolf spider is poisoned.
The yak looks as sick as possible!
You hear a roar!
A black mamba comes into view.
Your toxic radiance grows in intensity.
The wolf spider looks even sicker.
The black mamba hisses angrily.
The yak looks as sick as possible!
The wolf spider barely misses you. The wolf spider bites you!
An eight-headed hydra comes into view.
Your toxic radiance grows in intensity.
The wolf spider looks even sicker.
The wolf spider looks as sick as possible!
The wolf spider hits you!! The wolf spider closely misses you.
A torpor snail comes into view.
Being near the torpor snail leaves you feeling lethargic.
The wolf spider hits you. The wolf spider bites you.
The torpor snail is poisoned.
You block the black mamba's attack. The black mamba bites you!
* * * LOW HITPOINT WARNING * * *
The wolf spider closely misses you. x2
The torpor snail looks even sicker.
You kill the yak!
You kill the wolf spider!
The black mamba bites you!
* * * LOW HITPOINT WARNING * * *
You see here a water moccasin corpse.
The torpor snail looks as sick as possible!
You block the black mamba's attack.
Aim: a torpor snail (heavily wounded, extremely poisoned, 0% to evade)
You hear a mighty clap of thunder!
The bolt of lightning hits the eight-headed hydra.
The bolt of lightning hits the black mamba!
The bolt of lightning hits the torpor snail!!
You kill the torpor snail!
* * * LOW HITPOINT WARNING * * *
You feel yourself speed up.
You hear an angry hiss. x2
The black mamba bites you.
* * * LOW HITPOINT WARNING * * *
The eight-headed hydra bites you!
* * * LOW HITPOINT WARNING * * *
The eight-headed hydra closely misses you.
The eight-headed hydra bites you.
* * * LOW HITPOINT WARNING * * *
The eight-headed hydra bites you!
* * * LOW HITPOINT WARNING * * *
The eight-headed hydra bites you!
* * * LOW HITPOINT WARNING * * *
The eight-headed hydra closely misses you.
The eight-headed hydra bites you!
You die...

#(..####P#P.. #...#..... #†.....
##..≈# ... ... #.†.# ..
...##..## #...####≈.. .........#
#.......... #....... .........#
#..DS...... #...P... .........##
###@#.#.#+###.......
..........###...................
..........#...#P.......#........
.............##........#........
....PP...#.....#......P.........
....PP....P.....................
....P###........................
.... ###.P...........)........
... #.#................<.<.


You could see an eight-headed hydra and a black mamba.

Vanquished Creatures
  Erolcha (D:9)
  10 hydras
  2 boulder beetles
  3 two-headed ogres
  An anaconda (Lair:5)
  Nergalle (D:11)
  3 bog bodies (Lair:4)
  2 wolf spiders
  3 cyclopes
  An ugly thing (D:8)
  4 elephants
  Maurice (D:8)
  4 black mambas
  A torpor snail (Lair:6)
  A gargoyle (D:11)
  A kobold demonologist (D:11)
  3 cane toads
  Maggie (D:8)
  5 komodo dragons
  Psyche (D:9)
  A rime drake (Lair:3)
  2 jumping spiders (Lair:3)
  A queen bee (D:11)
  2 trolls
  A slime creature (D:8)
  8 blink frogs
  2 wyverns
  Sigmund (D:3)
  A vampire (D:10)
  48 yaks
  3 basilisks
  2 steam dragons
  Menkaure (D:7)
  3 wargs (D:9)
  2 acid dragons
  A swamp worm (Lair:4)
  14 water moccasins
  4 orc warriors
  2 sky beasts (D:7)
  2 ogres
  17 wolves
  10 bullfrogs
  2 kobold brigands (D:8)
  A gnoll sergeant (D:11)
  A scorpion (Lair:3)
  A water moccasin zombie (D:7)
  A wyvern skeleton (D:7)
  30 killer bees
  7 wights
  An electric eel (Lair:4)
  4 howler monkeys
  2 bullfrog zombies
  2 centaur zombies (D:8)
  3 hounds
  2 jellies
  6 orc priests
  Jessica (D:3)
  Ijyb (D:4)
  Terence (D:2)
  4 iguanas
  14 orc wizards
  A hound zombie (D:5)
  A howler monkey zombie (D:10)
  6 gnolls
  6 adders
  A shadow imp (D:8)
  A white imp (D:7)
  An adder skeleton (D:2)
  5 worms
  2 dart slugs
  23 orcs
  5 endoplasms
  3 giant cockroaches
  10 goblins
  7 hobgoblins
  4 jackals (D:1)
  3 ball pythons
  7 bats
  5 frilled lizards
  9 kobolds
  8 rats
369 creatures vanquished.

Vanquished Creatures (others)
  3 jellies (Lair:5)
  2 orcs (D:9)
  17 fungi
  19 plants
41 creatures vanquished.

Grand Total: 410 creatures vanquished

Notes
Turn   | Place    | Note
-------+----------+-------------------------------------------
     0 | D:1      | vurker the Djinni Ice Elementalist began the quest for the
                  | Orb.
     0 | D:1      | Reached XP level 1. HP: 15/15 MP: 0/0
   345 | D:1      | Reached XP level 2. HP: 20/22 MP: 0/0
   726 | D:1      | Reached skill level 1 in Fighting
   726 | D:1      | Reached skill level 4 in Spellcasting
  1337 | D:1      | Reached XP level 3. HP: 25/27 MP: 0/0
  1337 | D:1      | Learned a level 1 spell: Apportation
  2375 | D:2      | Reached XP level 4. HP: 32/33 MP: 0/0
  2410 | D:2      | Noticed Terence
  2417 | D:2      | Killed Terence
  2954 | D:3      | Noticed Jessica
  2957 | D:3      | Killed Jessica
  2958 | D:3      | Reached XP level 5. HP: 34/39 MP: 0/0
  2958 | D:3      | Learned a level 2 spell: Swiftness
  3202 | D:2      | Upgraded the game from 0.27-a0-951-gae3e1deef5 to
                  | 0.27-a0-965-gbf8bb431c4
  3743 | D:3      | Reached skill level 5 in Spellcasting
  4149 | D:3      | Found a shimmering altar of Xom.
  4252 | D:3      | Noticed Sigmund
  4262 | D:3      | Killed Sigmund
  4263 | D:3      | Reached XP level 6. HP: 18/46 MP: 0/0
  4515 | D:3      | Found a glowing golden altar of the Shining One.
  4966 | D:4      | Found a shadowy altar of Dithmenos.
  5082 | D:4      | Noticed Ijyb
  5107 | D:4      | Killed Ijyb
  5108 | D:4      | Reached skill level 6 in Spellcasting
  5508 | D:4      | Reached XP level 7. HP: 48/51 MP: 0/0
  5508 | D:4      | Learned a level 3 spell: Spider Form
  5901 | D:5      | Entered Level 5 of the Dungeon
  6257 | D:5      | Reached skill level 7 in Spellcasting
  6257 | D:5      | Reached XP level 8. HP: 43/58 MP: 0/0
  6266 | D:5      | Found a sand-covered staircase.
  6275 | Ossuary  | Entered an ossuary
  6817 | D:5      | Identified a scroll of acquirement
  6817 | D:5      | Acquired a +2 helmet of intelligence
  7165 | D:5      | Found a staircase to the Ecumenical Temple.
  7211 | D:6      | Reached skill level 5 in Fighting
  7684 | D:6      | Found an iron altar of Okawaru.
  8163 | D:7      | Reached skill level 8 in Spellcasting
  8388 | D:7      | Found a basalt altar of Yredelemnul.
  8389 | D:7      | Found a stormy altar of Qazlal.
  8389 | D:7      | Found a sparkling altar of Nemelex Xobeh.
  8390 | D:7      | Found a blossoming altar of Fedhas.
  8684 | D:7      | Reached XP level 9. HP: 58/66 MP: 0/0
  8684 | D:7      | Learned a level 4 spell: Petrify
  8978 | D:7      | Reached skill level 1 in Shields
  9233 | D:7      | Noticed Menkaure
  9238 | D:7      | Killed Menkaure
  9521 | D:7      | Found a hazy altar of Hepliaklqana.
  9559 | D:8      | Found a large runed translucent door.
  9559 | D:8      | Found a large runed translucent door.
  9559 | D:8      | Noticed a deep elf pyromancer
  9559 | D:8      | Noticed a cyan ugly thing
  9591 | D:8      | Noticed Maggie
  9617 | D:8      | Killed Maggie
  9618 | D:8      | Reached skill level 9 in Spellcasting
  9715 | D:8      | Noticed Maurice
  9717 | D:8      | Found an ornate altar of the Wu Jian Council.
  9722 | D:8      | Killed Maurice
  9892 | D:8      | Reached XP level 10. HP: 36/75 MP: 0/0
  9893 | D:8      | Reached skill level 10 in Spellcasting
 10197 | D:8      | Found a flagged portal.
 10427 | D:8      | Found a large runed translucent door.
 10444 | D:8      | Acquired 641 gold pieces
 10462 | D:8      | Found a large runed translucent door.
 10608 | D:8      | Noticed a white ugly thing
 10616 | D:8      | Killed a white ugly thing
 10720 | D:8      | Noticed a two-headed ogre
 10724 | D:8      | Killed a two-headed ogre
 10766 | D:8      | Noticed a cyclops
 10769 | D:8      | Killed a cyclops
 10770 | D:8      | Reached skill level 11 in Spellcasting
 11371 | D:9      | Reached XP level 11. HP: 30/84 MP: 0/0
 11371 | D:9      | Learned a level 4 spell: Olgreb's Toxic Radiance
 11613 | D:9      | Identified the +1 cloak of Squeaky Satisfaction {Will-
                  | rCorr Str+3}
 11754 | D:9      | Found a glowing silver altar of Zin.
 12046 | D:9      | Noticed Psyche
 12059 | D:9      | Killed Psyche
 12297 | D:9      | Found a staircase to the Lair.
 12811 | D:9      | Noticed Erolcha
 12821 | D:9      | Killed Erolcha
 12822 | D:9      | Reached skill level 12 in Spellcasting
 13655 | D:10     | Entered Level 10 of the Dungeon
 14016 | D:10     | Reached skill level 10 in Fighting
 14285 | D:10     | Found an opulent altar of Gozag.
 14739 | D:11     | Noticed a two-headed ogre
 14747 | D:11     | Killed a two-headed ogre
 15106 | D:11     | Found Ticatim's Assorted Antiques.
 15110 | D:11     | Bought a scroll labelled FUTUNA GISHRYWN for 26 gold pieces
 15110 | D:11     | Bought a white potion for 23 gold pieces
 15114 | D:11     | Found a stormy altar of Qazlal.
 15114 | D:11     | Noticed a two-headed ogre
 15119 | D:11     | Killed a two-headed ogre
 15258 | D:11     | Found a portal to a secret trove of treasure.
 15277 | D:11     | Identified the +2 ring mail of the Yeti {Int+2 SInv}
 15298 | D:11     | Reached XP level 12. HP: 70/93 MP: 0/0
 15301 | D:11     | Reached skill level 13 in Spellcasting
 15800 | D:11     | Noticed Nergalle
 15806 | D:11     | Killed Nergalle
 16398 | Lair:1   | Entered Level 1 of the Lair of Beasts
 16830 | Lair:1   | Noticed an eight-headed hydra
 16839 | Lair:1   | Killed an eight-headed hydra
 18861 | Lair:2   | Noticed a seven-headed hydra
 18874 | Lair:2   | Killed a seven-headed hydra
 19221 | Lair:3   | Reached skill level 14 in Spellcasting
 20003 | Lair:3   | Reached XP level 13. HP: 50/101 MP: 0/0
 20003 | Lair:3   | Learned a level 5 spell: Lightning Bolt
 20945 | Lair:3   | Found a hole to the Spider Nest.
 21907 | Lair:4   | Reached skill level 15 in Spellcasting
 22786 | Lair:4   | Found a staircase to the Swamp.
 22945 | Lair:5   | Acquired an amulet of regeneration
 23241 | Lair:5   | Found a staircase to the Slime Pits.
 23241 | Lair:5   | Found a viscous altar of Jiyva.
 23508 | Lair:5   | You are sucked into a shaft and drop 1 floor!
 23508 | Lair:6   | Entered Level 6 of the Lair of Beasts
 23654 | Lair:5   | Became a worshipper of Jiyva Jaino the Shapeless
 23768 | Lair:5   | Reached * piety under Jiyva
 23846 | Lair:5   | Reached XP level 14. HP: 102/110 MP: 0/0
 24350 | Lair:6   | Slain by an eight-headed hydra

Illustrated notes

Levels and vault maps discovered:
D:1:      dpeg_arrival_shrine, layout_basic
D:2:      layout_basic, hangedman_feature_mirror, minmay_pentomino_t2,
          uniq_terence
D:3:      layout_basic, lemuel_doored_altar, lemuel_crystal_altar,
          nicolae_overflow_crystal_walls, cheibrodos_sewer_entry_sluice,
          hangedman_decor_points, uniq_sigmund, uniq_jessica
D:4:      layout_basic, nicolae_dithmenos_shadow_blocks, uniq_ijyb
D:5:      layout_rooms, minmay_temple_entry_purple_smoke, enter_ossuary_1,
          minmay_stone_trees_small
D:6:      layout_basic, amcnicky_altar_gilded, minmay_curled_crystal
D:7:      layout_basic, marbit_many_paths,
          chequers_temple_overflow_statue_of_worship, minmay_misc_feat_rows,
          uniq_menkaure
D:8:      layout_cave_pools, overflow_temple_1_default, enter_bailey_4,
          minmay_misc_feat_five, hangedman_abyss_or_decor_lesser_grid,
          minmay_misc_feat_columns, minmay_hollow_rounded_squares, uniq_maurice,
          uniq_maggie
D:9:      layout_stronghold, kennysheep_little_box, erik_lair_orcish_takeover,
          grunt_decor_fettered, uniq_psyche, uniq_erolcha
D:10:     layout_cave_pools, grunt_gozag_statues
D:11:     layout_roguey [special_room_bee], serial_shops, shop,
          nicolae_trove_entry_isolated, nicolae_qazlal_eye_of_the_storm,
          uniq_nergalle
Lair:1:   layout_small_grid, minmay_stone_trees_large,
          infiniplex_staircase_pool, lemuel_fruit_tree
Lair:2:   layout_regular_city
Lair:3:   layout_chaotic_city, spider_nest_entry_funnel_web
Lair:4:   layout_hall_layers, nicolae_swamp_entry_splash_gauntlet
Lair:5:   nzn_winding_woodlands_small [nzn_winding_woodlands_5x15_zeroes,
          nzn_winding_woodlands_center_pierced_h,
          nzn_winding_woodlands_5x15_default], layout_cave_pods, slime_altar_1
Lair:6:   wormcave, layout_gridlike, hangedman_lair_generics_rect,
          serial_bayou_shore_b, grunt_megastairs_1, uniq_rupert

Skill      XL: |  1  2  3  4  5  6  7  8  9 10 11 12 13 |
---------------+----------------------------------------+-----
Fighting       | 1 2 3 4 6 7 9 10 12 13 | 13.4
Spellcasting   | 4 5 6 7 8 9 11 12 14 15 | 15.9
Shields        | 3 4 |  4.0
Dodging        | |  2.1
Stealth        | |  1.5

Action                   |  1- 3 |  4- 6 |  7- 9 | 10-12 | 13-15 || total
-------------------------+-------+-------+-------+-------+-------++-------
Melee: Unarmed           |    17 |       |       |       |       ||    17
       Short sword       |     9 |    32 |    60 |    19 |    19 ||   139
 Cast: Freeze            |    48 |    65 |    32 |    69 |    38 ||   252
       Frozen Ramparts   |     1 |     6 |    15 |    29 |    11 ||    62
       Hailstorm         |       |     2 |    36 |    53 |     7 ||    98
       Swiftness         |       |       |     2 |       |       ||     2
       Olgreb's Toxic Ra |       |       |       |   146 |    98 ||   244
       Lightning Bolt    |       |       |       |       |    20 ||    20
Evoke: Wand              |       |     2 |       |    13 |     8 ||    23
  Use: Potion            |       |     2 |     1 |     1 |       ||     4
       Scroll            |       |       |    19 |     7 |     1 ||    27
 Stab: Sleeping          |       |     1 |       |       |       ||     1
Armor: Robe              |    15 |    18 |    17 |    37 |    18 ||   105
Dodge: Dodged            |    35 |    83 |    76 |    62 |    48 ||   304
Block: Buckler           |       |       |     1 |    29 |    20 ||    50

Table legend: (Time is in decaauts)
 A = Elapsed time spent in this place.
 B = Non-inter-level travel time spent in this place.
 C = Inter-level travel time spent in this place.
 D = Time resting spent in this place.
 E = Time spent auto-exploring this place.
 F = Levels seen in this place.
 G = Mean time per level.
                   A        B        C        D        E       F      G
               +--------+--------+--------+--------+--------+-----+--------+
         Total |  24407 |  23748 |    659 |   2044 |  19297 |  18 | 1355.9 |
       Dungeon |  16606 |  16119 |    487 |   1969 |  12453 |  11 | 1509.6 |
          Lair |   7797 |   7625 |    172 |     75 |   6844 |   6 | 1299.5 |
       Ossuary |      3 |      3 |      0 |      0 |      0 |   1 |    3.0 |
               +--------+--------+--------+--------+--------+-----+--------+

Top non-repeatable levels by time:
     D:9: 2386 daAuts
  Lair:3: 2003 daAuts
     D:1: 1842 daAuts
     D:7: 1805 daAuts
     D:2: 1793 daAuts
  Lair:4: 1769 daAuts
     D:8: 1686 daAuts
    D:11: 1619 daAuts
  Lair:2: 1491 daAuts
     D:4: 1439 daAuts
     D:3: 1307 daAuts
  Lair:5: 1255 daAuts
  Lair:1: 1137 daAuts
    D:10: 1088 daAuts
     D:5: 829 daAuts
